 Dungeon Crawl Stone Soup version 0.31-a0-237-g2d982f9f85 (webtiles) character file.

Game seed: 10153258100614668785

85 Apogee the Cudgeller (level 4, 0/28 HPs)
             Began as a Gargoyle Monk on July 11, 2023.
             Killed by divine providence
             ... invoked by an orc priest
              (10 damage)
             ... on level 3 of the Dungeon.
             The game lasted 00:06:09 (1676 turns).

Apogee the Cudgeller (Gargoyle Monk)                Turns: 1676, Time: 00:06:09

Health: 0/28       AC: 11    Str: 22    XL:     4   Next: 48%
Magic:  4/4        EV: 11    Int: 11    God:
Gold:   90         SH:  5    Dex: 12    Spells: 3/3 levels left

rFire   . . .        a - +0 mace
rCold   . . .        d - orb {light}
rNeg    + . .        s - +0 ring mail
rPois   ∞            u - +0 helmet
rElec   +            (no cloak)
rCorr   .            m - +0 pair of gloves
SInv    .            j - +0 pair of boots
Will    .....        l - amulet of reflection
Stlth   +            q - +6 ring of strength
HPRegen 0.24/turn    (no ring)
MPRegen 0.09/turn

%: reflection
@: glowing
A: sickness immunity, AC +3, negative energy resistance 1, electricity
resistance, torment resistance 1, petrification resistance
a: no special abilities


You were on level 3 of the Dungeon.
You visited 1 branch of the dungeon, and saw 3 of its levels.

You collected 90 gold pieces.

Inventory:

Hand Weapons
 a - a +0 mace (weapon)
 b - a +0 sling
   (You took it off a goblin on level 2 of the Dungeon)
Missiles
 o - 3 silver javelins (quivered)
 t - 14 stones
Armour
 d - an orb of light (worn)
 j - a +0 pair of boots (worn)
   (You found it on level 2 of the Dungeon)
 m - a +0 pair of gloves (worn)
   (You found it on level 1 of the Dungeon)
 r - a +0 scale mail
   (You found it on level 2 of the Dungeon)
 s - a +0 ring mail (worn)
   (You found it on level 2 of the Dungeon)
 u - a +0 helmet (worn)
   (You took it off Robin on level 2 of the Dungeon)
 v - a +0 buckler
   (You found it on level 3 of the Dungeon)
Jewellery
 l - an amulet of reflection (around neck)
   (You found it on level 1 of the Dungeon)
 q - a +6 ring of strength (left hand)
   (You found it on level 2 of the Dungeon)
Scrolls
 e - a scroll of identify {unknown}
 f - a scroll of immolation {unknown}
 g - a scroll of brand weapon {unknown}
 k - a scroll of vulnerability {unknown}
 n - a scroll of teleportation {unknown}
Potions
 c - a potion of ambrosia
 h - 2 potions of invisibility {unknown}
 i - a potion of degeneration {unknown}
 p - a potion of heal wounds {unknown}


   Skills:
 + Level 3.4 Fighting
 + Level 5.0 Maces & Flails
 - Level 2.4 Dodging


You had 3 spell levels left.
You didn't know any spells.
Your spell library contained the following spells:

 Spells                   Type           Power      Damage    Failure   Level
 Shock                    Conj/Air       0%         1d3       50%         1
 Swiftness                Air            0%         N/A       86%         3
 Airstrike                Air            0%         2d(0-16)  99%         4


Dungeon Overview and Level Annotations

Branches:
Dungeon (3/15)

Altars:

Shops:
D:1 *

Annotations:
D:2 1 runed translucent door, Crazy Yiuf


Innate Abilities, Weirdness & Mutations

You are immune to sickness and miasma.
Your stone body is resilient. (AC +3)
You are immune to poison.
You resist negative energy. (rN+)
You are resistant to electric shocks. (rElec)
You are resistant to unholy torment.
You are immune to petrification.


Message History

s - a +0 ring mail You start removing your armour.
You continue taking off your +0 scale mail. x4
You finish taking off your +0 scale mail.
You start putting on your armour.
You continue putting on your +0 ring mail. x5
You finish putting on your +0 ring mail.
There is a stone staircase leading up here.
Found a hammer.
Crazy Yiuf cries, "Whippet arm ena!"
Could not explore, unopened runed door.
You see here a +0 club.
There is a stone staircase leading down here.
You climb downwards.
The hobgoblin shouts!
The kobold shouts!
Found a stone staircase leading down.
There is a stone staircase leading up here.
You hit the kobold but do no damage. The kobold barely misses you.
You hit the hobgoblin. The hobgoblin hits you. The kobold closely misses you.
You barely miss the hobgoblin. The hobgoblin hits you.
You block the kobold's attack.
You hit the hobgoblin but do no damage. You block the hobgoblin's attack.
The kobold closely misses you.
You sock the hobgoblin!
You kill the hobgoblin!
A rat comes into view.
The kobold hits you but does no damage.
You hit the kobold.
You kill the kobold!
You barely miss the rat. The rat misses you.
You sock the rat!
You kill the rat!
No target in view!
You see here a +0 short sword.
Found a buckler. 2 orc priests come into view.
The orc priest shouts! x2; You hear a shout!
The orc priest mumbles some strange prayers to Beogh against you.
Beogh smites you!
A bat comes into view.
Found an emerald potion.
An orc comes into view. It is wielding a +0 short sword.
You see here a +0 buckler.
v - a +0 buckler The orc priest calls down the wrath of Beogh upon you.
Beogh smites you!
* * * LOW HITPOINT WARNING * * *
The orc priest mumbles some strange prayers to Beogh against you.
Beogh smites you!
You die...

# #. o. .# # #.
.# o##
#.#.#####o#....
.........#..#
..^##.....#
#.##..##.#
#.###........#
#.....#.@.####
#.###.#.#.b.....
#.#....#####
#.###.!# # ##.##
..# #.##...##>.#
#....#.....#
####..)###.#
##<##


You could see 2 orc priests, an orc and a bat.

Vanquished Creatures
  Robin (D:2)
  3 worms (D:2)
  A dart slug (D:1)
  4 ball pythons
  3 endoplasms (D:2)
  4 giant cockroaches (D:2)
  9 goblins (D:2)
  11 hobgoblins
  4 kobolds
  3 quokkas (D:2)
  5 bats
  2 frilled lizards (D:2)
  4 rats
54 creatures vanquished.

Notes
Turn   | Place    | Note
-------+----------+-------------------------------------------
     0 | D:1      | Apogee the Gargoyle Monk began the quest for the Orb.
     0 | D:1      | Reached XP level 1. HP: 14/14 MP: 1/1
   136 | D:1      | Reached XP level 2. HP: 15/19 MP: 2/2
   329 | D:1      | Found Tuobeilyr's Assorted Antiques.
   851 | D:2      | Reached skill level 4 in Maces & Flails
   897 | D:2      | Reached XP level 3. HP: 16/23 MP: 3/3
  1009 | D:2      | Noticed Robin
  1107 | D:2      | Killed Robin
  1108 | D:2      | Reached XP level 4. HP: 25/28 MP: 4/4
  1253 | D:2      | Found a faded altar of an unknown god.
  1301 | D:2      | Reached skill level 5 in Maces & Flails
  1567 | D:2      | Found a runed translucent door.
  1568 | D:2      | Noticed Crazy Yiuf
  1676 | D:3      | Killed from afar by an orc priest

Illustrated notes

Levels and vault maps discovered:
D:1:      dpeg_arrival_court, layout_loops_ring, serial_shops,
          nicolae_shop_just_a_little_nook
D:2:      minmay_spotlight, layout_loops_ring,
          shapermc_ecumenical_altar_notcrosses, minmay_pentomino_t4, uniq_robin,
          uniq_crazy_yiuf_cottage
D:3:      layout_loops_ring, nicolae_nh_oracle_at_delphi

Skill      XL: |  1  2  3  4 |
---------------+-------------+-----
Maces & Flails | 4 5 |  5.0
Fighting       | |  3.4
Dodging        | |  2.4

Action                     |  1- 3 |  4- 6 || total
---------------------------+-------+-------++-------
  Melee: Mace              |    99 |    33 ||   132
  Throw: Javelin           |     2 |       ||     2
 Armour: Robe              |     6 |       ||     6
         Leather armour    |    14 |       ||    14
         Scale mail        |    17 |    14 ||    31
         Ring mail         |       |     1 ||     1
  Dodge: Dodged            |    67 |    17 ||    84
  Block: Orb               |       |     6 ||     6

Table legend: (Time is in decaauts)
 A = Elapsed time spent in this place.
 B = Non-inter-level travel time spent in this place.
 C = Inter-level travel time spent in this place.
 D = Time resting spent in this place.
 E = Time spent auto-exploring this place.
 F = Levels seen in this place.
 G = Mean time per level.
                   A        B        C        D        E       F      G
               +--------+--------+--------+--------+--------+-----+--------+
         Total |   1702 |   1588 |    114 |     11 |   1152 |   3 |  567.3 |
       Dungeon |   1702 |   1588 |    114 |     11 |   1152 |   3 |  567.3 |
               +--------+--------+--------+--------+--------+-----+--------+

Top non-repeatable levels by time:
     D:2: 874 daAuts
     D:1: 796 daAuts
     D:3: 32 daAuts
